 Dungeon Crawl Stone Soup version 0.28.0-49-g6dfe1f597d (webtiles) character file.

Game seed: 15408053327547648611

88 Zeld the Digger (level 4, -1/26 HPs)
             Began as a Gargoyle Earth Elementalist on May 18, 2022.
             Hit by a boomerang thrown by an orc (4 damage)
             ... on level 3 of the Dungeon.
             The game lasted 00:05:11 (3044 turns).

Zeld the Digger (Gargoyle Earth Elementalist)       Turns: 3044, Time: 00:05:11

Health: -1/26      AC:  5    Str: 12    XL:     4   Next: 53%
Magic:  1/8        EV: 11    Int: 17    God:
Gold:   40         SH:  0    Dex: 10    Spells: 2/8 levels left

rFire   . . .      SeeInvis .   (no weapon)
rCold   . . .      Faith    .   (no shield)
rNeg    + . .      Spirit   .   b - +0 robe
rPois   ∞          Reflect  .   (no helmet)
rElec   +          Harm     .   (no cloak)
rCorr   .          Rampage  .   (no gloves)
Will    .....                   (no boots)
Stlth   ++........              (no amulet)
HPRegen 0.08/turn               (no ring)
MPRegen 0.11/turn               (no ring)

@: no status effects
A: sickness immunity, AC +3, negative energy resistance 1, electricity
resistance, torment resistance 1, petrification resistance
a: no special abilities


You were on level 3 of the Dungeon.
You visited 1 branch of the dungeon, and saw 3 of its levels.

You collected 40 gold pieces.

Inventory:

Armour
 b - a +0 robe (worn)
Scrolls
 a - 4 scrolls of enchant weapon {unknown}
 c - a scroll of teleportation {unknown}
 d - a scroll of identify {unknown}
 e - a scroll of enchant armour {unknown}
Potions
 f - a potion of haste {unknown}


   Skills:
 * Level 2.1 Fighting
 - Level 1.5 Dodging
 + Level 2.9 Stealth
 * Level 2.7 Spellcasting
 - Level 1.0 Transmutations
 * Level 4.4 Earth Magic


You had 2 spell levels left.
You knew the following spells:

 Your Spells              Type           Power      Damage    Failure   Level
a - Sandblast             Erth           34%        2d9       3%          1
b - Passwall              Tmut/Erth      9%         N/A       9%          2
c - Stone Arrow           Conj/Erth      18%        3d8       22%         3

Your spell library contained the following spells:

 Spells                   Type           Power      Damage    Failure   Level
 Portal Projectile        Hex/Tloc       4%         N/A       47%         3
 Petrify                  Tmut/Erth      11%        N/A       52%         4
 Blade Hands              Tmut           2%         N/A       97%         5
 Excruciating Wounds      Necr           1%         N/A       99%         5


Dungeon Overview and Level Annotations

Branches:
Dungeon (3/15)

Altars:


Innate Abilities, Weirdness & Mutations

You are immune to sickness and miasma.
Your stone body is resilient. (AC +3)
You are immune to poison.
You resist negative energy. (rN+)
You are resistant to electric shocks. (rElec)
You are resistant to unholy torment.
You are immune to petrification.


Message History

Unknown command.
You closely miss the orc. The orc hits you but does no damage.
You closely miss the orc. The orc hits you with a +0 hand axe.
You hit the orc but do no damage. The orc hits you with a +0 hand axe.
You closely miss the orc. The orc closely misses you.
You hit the orc.
The orc is lightly wounded.
The orc hits you with a +0 hand axe.
* * * LOW HITPOINT WARNING * * *
Casting: Stone Arrow (extremely dangerous; 22% risk of failure)
Confirm with . or Enter, or press ? or * to list all spells.
The spell is extremely dangerous to miscast (22% risk of failure)!
Continue anyway?
Aiming: Stone Arrow (extremely dangerous; 22% risk of failure)
Press: ? - help, Shift-Dir - straight line, f - orc
Aim: an orc, wielding a +0 hand axe (lightly wounded, 64% to hit)
The stone arrow hits the orc!
You kill the orc!
Unknown command.
The frilled lizard unfolds its giant frill.
You miss the frilled lizard. The frilled lizard barely misses you.
You hit the frilled lizard.
You kill the frilled lizard!
You closely miss the orc. The orc hits you with a +0 club.
* * * LOW HITPOINT WARNING * * *
The orc throws a boomerang.
The boomerang closely misses you.
The orc throws a boomerang.
The boomerang hits you.
* * * LOW HITPOINT WARNING * * *
Casting: Stone Arrow (extremely dangerous; 22% risk of failure)
Confirm with . or Enter, or press ? or * to list all spells.
The spell is extremely dangerous to miscast (22% risk of failure)!
Continue anyway?
Aiming: Stone Arrow (extremely dangerous; 22% risk of failure)
Press: ? - help, Shift-Dir - straight line, f - orc
Aim: an orc, wielding a +0 club and quivering boomerangs (64% to hit)
The stone arrow misses the orc.
The orc throws a boomerang.
The boomerang hits you.
* * * LOW HITPOINT WARNING * * *
Unknown command.
The orc throws a boomerang.
The boomerang closely misses you.
The orc throws a boomerang.
The boomerang hits you.
You die...

#.......#######
..........)go...#
..###..#########g#
.. #..# #o# . #..#
#.# ##.. #.# #.#
########.#
.......@.#
.#########


You could see an orc and a goblin.

Vanquished Creatures
  An adder (D:2)
  A gnoll (D:1)
  An ufetubus (D:2)
  A dart slug (D:1)
  2 orcs (D:3)
  3 ball pythons
  8 endoplasms
  A giant cockroach (D:2)
  5 goblins
  5 hobgoblins
  7 jackals
  2 quokkas
  4 bats
  4 frilled lizards
  3 kobolds
  7 rats
55 creatures vanquished.

Notes
Turn   | Place    | Note
-------+----------+-------------------------------------------
     0 | D:1      | Zeld the Gargoyle Earth Elementalist began the quest for
                  | the Orb.
     0 | D:1      | Reached XP level 1. HP: 10/10 MP: 3/3
   189 | D:1      | Reached XP level 2. HP: 14/16 MP: 0/5
   245 | D:1      | Learned a level 2 spell: Passwall
   476 | D:1      | Reached skill level 1 in Fighting
   476 | D:1      | Reached skill level 1 in Transmutations
   476 | D:1      | Reached skill level 4 in Earth Magic
   526 | D:1      | Reached XP level 3. HP: 20/20 MP: 4/6
   531 | D:1      | Learned a level 3 spell: Stone Arrow
  1459 | D:2      | Reached XP level 4. HP: 26/26 MP: 4/7
  3044 | D:3      | Hit by a boomerang thrown by an orc

Illustrated notes

Levels and vault maps discovered:
D:1:      minmay_arrival_wavy_path, layout_loops_ring, minmay_misc_feat_cross
D:2:      layout_loops_ring
D:3:      layout_basic, nicolae_overflow_squiral, uniq_ijyb,
          uniq_crazy_yiuf_cottage, uniq_grinder

Skill      XL: |  1  2  3  4 |
---------------+-------------+-----
Fighting       | 1 2 |  2.1
Transmutations | 1 |  1.0
Earth Magic    | 4 |  4.4
Dodging        | |  1.5
Stealth        | |  2.9
Spellcasting   | |  2.7

Action                   |  1- 3 |  4- 6 || total
-------------------------+-------+-------++-------
Melee: Unarmed           |    25 |   142 ||   167
       Punch             |       |     1 ||     1
 Cast: Sandblast         |    40 |     4 ||    44
       Stone Arrow       |       |     8 ||     8
 Stab: Sleeping          |       |     7 ||     7
Armor: Robe              |    12 |    37 ||    49
Dodge: Dodged            |    24 |    88 ||   112
